 Dungeon Crawl Stone Soup version 0.29-a0-214-g17f627cfee (webtiles) character file.

Game seed: 16088778366834325514

98 Strat the Cudgeller (level 4, -4/35 HPs)
             Began as a Mummy Fighter on Feb 25, 2022.
             Shot with an arrow by a centaur (5 damage)
             ... on level 3 of the Dungeon.
             The game lasted 00:03:51 (2814 turns).

Strat the Cudgeller (Mummy Fighter)                 Turns: 2814, Time: 00:03:52

Health: -4/35      AC:  8    Str: 21    XL:     4   Next: 44%
Magic:  4/4        EV:  7    Int:  7    God:
Gold:   149        SH:  4    Dex: 11    Spells: 3/3 levels left

rFire   x . .      SeeInvis .   a - +0 flail
rCold   + . .      Faith    .   c - +0 buckler
rNeg    + + +      Spirit   .   k - +0 chain mail
rPois   ∞          Reflect  .   (no helmet)
rElec   .          Harm     .   (no cloak)
rCorr   .          Rampage  .   (no gloves)
Will    .....                   (no boots)
Stlth   ..........              (no amulet)
HPRegen 0.11/turn               (no ring)
MPRegen 0.09/turn               (no ring)

@: about to teleport
A: cold resistance 1, negative energy resistance 3, torment resistance 2, heat
vulnerability 1, no potions
a: no special abilities


You were on level 3 of the Dungeon.
You visited 1 branch of the dungeon, and saw 3 of its levels.

You collected 149 gold pieces.

Inventory:

Hand Weapons
 a - a +0 flail (weapon)
 b - a +0 hunting sling
Missiles
 f - 46 stones (quivered)
 h - 6 datura-tipped darts
Armour
 c - a +0 buckler (worn)
 j - a +0 scale mail
 k - a +0 chain mail (worn)
Scrolls
 e - 2 scrolls of identify
 i - a scroll of enchant armour {unknown}
 l - a scroll of noise {unknown}


   Skills:
 - Level 3.0 Fighting
 + Level 3.9 Maces & Flails
 - Level 2.4 Armour
 - Level 2.4 Shields


You had 3 spell levels left.
You didn't know any spells.
Your spell library contained the following spells:

 Spells                   Type           Power      Damage    Failure   Level
 Dazzling Flash           Conj/Hex       0%         N/A       100%        3
 Iskenderun's Mystic Bla  Conj/Tloc      0%         2d3       100%        4
 Starburst                Conj/Fire      0%         6d3       100%        6


Dungeon Overview and Level Annotations

Branches:
Dungeon (3/15)

Altars:
Nemelex Xobeh
Vehumet

Annotations:
D:3 1 transporter


Innate Abilities, Weirdness & Mutations

You are immune to poison.
Your flesh is cold resistant. (rC+)
You are immune to negative energy. (rN+++)
You are immune to unholy pain and torment.
You are vulnerable to heat. (rF-)
You do not drink.


Message History

e - 2 scrolls labelled BARORI CIMIMO (gained 1)
Found a stone staircase leading down.
Found a stone staircase leading up.
You now have 142 gold pieces (gained 15).
Found a transporter.
Found 7 gold pieces.
l - a scroll labelled DOLUMYO POROA You now have 149 gold pieces (gained 7).
e - 3 scrolls labelled BARORI CIMIMO (gained 1)
Found a sparkling altar of Nemelex Xobeh.
A centaur and a hobgoblin come into view.
The centaur shouts!
The hobgoblin shouts!
The hobgoblin moves out of view.
The centaur wields a +0 shortbow.
The centaur shoots an arrow.
The arrow hits you!
* * * LOW HITPOINT WARNING * * *
The centaur shoots an arrow.
The arrow hits you.
* * * LOW HITPOINT WARNING * * *
The centaur shoots an arrow.
The arrow barely misses you.
The centaur shoots an arrow.
The arrow hits you but does no damage.
The centaur shoots an arrow.
The arrow hits you.
* * * LOW HITPOINT WARNING * * *
The centaur shoots an arrow.
The arrow hits you!
* * * LOW HITPOINT WARNING * * *
The centaur shoots an arrow.
You block the arrow.
You see here a hobgoblin corpse.
As you read the scroll labelled QYDGHI YBBAFF, it crumbles to dust.
You assume a fearsome visage.
Nothing appears to happen.
It was a scroll of fear.
As you read the scroll labelled BARORI CIMIMO, it crumbles to dust.
It is a scroll of identify.
g - a scroll of teleportation
As you read the scroll of teleportation, it crumbles to dust.
You feel strangely unstable.
The centaur shoots an arrow.
The arrow hits you but does no damage.
The centaur shoots an arrow.
The arrow hits you!
* * * LOW HITPOINT WARNING * * *
The centaur shoots an arrow.
You block the arrow.
The centaur shoots an arrow.
The arrow hits you.
You die...

###># .# #...#####.#
#####.........#
#...c........##
#.###†#.####....# ###.#
#...## ###..>. #...#
##...# ##. ### ###.###
#.#.# ..# #...#
#..@###### #.###.###
#####.......## ...##c#
#............. ......#
#............. #..g###
#...........## #...###
#...###....##
.c#...#####...#©##..##
#.#.#....#....#.. ..#©
#..c####.....##.##..##.


You could see a centaur.

Vanquished Creatures
  4 adders (D:2)
  3 worms
  A dart slug (D:2)
  7 endoplasms
  4 giant cockroaches (D:2)
  3 goblins
  5 hobgoblins
  3 jackals
  8 ball pythons
  2 bats
  A frilled lizard (D:1)
  5 kobolds
  3 rats
49 creatures vanquished.

Notes
Turn   | Place    | Note
-------+----------+-------------------------------------------
     0 | D:1      | Strat the Mummy Fighter began the quest for the Orb.
     0 | D:1      | Reached XP level 1. HP: 18/18 MP: 1/1
   210 | D:1      | Reached XP level 2. HP: 21/24 MP: 2/2
  1113 | D:2      | Reached XP level 3. HP: 13/29 MP: 3/3
  1546 | D:2      | Found a radiant altar of Vehumet.
  1896 | D:2      | Reached XP level 4. HP: 25/35 MP: 4/4
  2394 | D:2      | You fall into a shaft and drop 1 floor!
  2747 | D:3      | Found a transporter.
  2778 | D:3      | Found a sparkling altar of Nemelex Xobeh.
  2780 | D:3      | Noticed a centaur
  2813 | D:3      | HP: 1/35 [centaur/arrow (9)]
  2814 | D:3      | Shot with an arrow by a centaur

Illustrated notes

Levels and vault maps discovered:
D:1:      heliophobic_arrival_henge, layout_basic, hex_intersection,
          kennysheep_minor_cross
D:2:      layout_basic, basic_altar, kennysheep_nub, minmay_pentomino_x4
D:3:      layout_rooms, mainiacjoe_overflow_small_starburst,
          shapermc_ecumenical_altar_venn, gammafunk_ghost_abyssal_escape

Skill      XL: |  1  2  3 |
---------------+----------+-----
Maces & Flails | 2 3 |  3.9
Fighting       | |  3.0
Armour         | |  2.4
Shields        | |  2.4

Action                   |  1- 3 |  4- 6 || total
-------------------------+-------+-------++-------
Melee: Flail             |   131 |    21 ||   152
 Fire: Hunting sling     |    37 |     2 ||    39
  Use: Scroll            |       |     3 ||     3
Armor: Scale mail        |    70 |       ||    70
       Chain mail        |       |    18 ||    18
Dodge: Dodged            |    65 |    12 ||    77
Block: Buckler           |    34 |     3 ||    37

Table legend: (Time is in decaauts)
 A = Elapsed time spent in this place.
 B = Non-inter-level travel time spent in this place.
 C = Inter-level travel time spent in this place.
 D = Time resting spent in this place.
 E = Time spent auto-exploring this place.
 F = Levels seen in this place.
 G = Mean time per level.
                   A        B        C        D        E       F      G
               +--------+--------+--------+--------+--------+-----+--------+
         Total |   2881 |   2794 |     87 |    193 |   2007 |   3 |  960.3 |
       Dungeon |   2881 |   2794 |     87 |    193 |   2007 |   3 |  960.3 |
               +--------+--------+--------+--------+--------+-----+--------+

Top non-repeatable levels by time:
     D:2: 1604 daAuts
     D:1: 1083 daAuts
     D:3: 193 daAuts
